General information
- name: BNet
- type: Ladder team game (AT/RT)
- host: Battle.net
- saver: BladeOfGrass
map: MarketSquare
- players: 8
- length: 29:40
- speed: Fast
- version: 1.29 W3XP
- replay type: Public
» download(290 KB)
Players
team 1 (loser)

»
TrumpTrain69 (
blue | 44 APM | 1167 actions | 26:26)
4 Archmage
1 Summon Water Elemental
2 Brilliance Aura
1 Blizzard
» actions
| Assign group hotkey | 35 | |
| Build / train | 88 | |
| Enter build submenu | 37 | |
| Enter hero's abilities submenu | 4 | |
| Remove unit from queue | 2 | |
| Right click | 323 | |
| Select / deselect | 440 | |
| Select group hotkey | 182 | |
| Use ability | 56 | |
1167 total
» units
| Peasant | 24 | |
| Footman | 5 | |
| Rifleman | 8 | |
| Siege Engine | 13 | |
| Priest | 4 | |
| Sorceress | 3 | |
| Gryphon Rider | 5 | |
62 total
» upgrades
| Gunpowder | 2 | |
| Plating | 1 | |
| Lumber Harvesting | 2 | |
| Masonry | 1 | |
| Long Rifles | 1 | |
| Priest Training | 2 | |
| Sorceress Training | 1 | |
| Barrage | 1 | |
| Storm Hammers | 1 | |
12 total
» buildings
| Altar of Kings | 1 | |
| Farm | 12 | |
| Barracks | 1 | |
| Blacksmith | 1 | |
| Lumber Mill | 1 | |
| Scout Tower | 8 | |
| Guard Tower | 2 | |
| Arcane Vault | 1 | |
| Keep | 1 | |
| Town Hall | 1 | |
| Castle | 1 | |
| Arcane Sanctum | 3 | |
| Gryphon Aviary | 2 | |
| Workshop | 2 | |
37 total
» build order
00:16 Altar of Kings
00:26 Farm
00:32 Barracks
00:35 Farm
01:28 Farm
02:05 Blacksmith
02:09 Lumber Mill
02:56 Farm
03:37 Scout Tower
03:38 Scout Tower
03:39 Scout Tower
04:24 Guard Tower
05:05 Scout Tower
05:31 Arcane Vault
05:36 Farm
05:38 Farm
05:43 Keep
09:40 Town Hall
09:42 Scout Tower
09:44 Scout Tower
09:45 Scout Tower
09:47 Scout Tower
10:31 Guard Tower
11:40 Castle
11:45 Arcane Sanctum
11:48 Gryphon Aviary
11:52 Arcane Sanctum
11:55 Gryphon Aviary
11:59 Arcane Sanctum
12:03 Workshop
12:06 Farm
12:09 Farm
12:20 Workshop
14:18 Farm
14:19 Farm
14:19 Farm
14:20 Farm
» items
| Scroll of Regeneration | 2 | |
| Scroll of Town Portal | 1 | |
3 total
Birdgang (
purple | 60 APM | 1771 actions | 29:37)
7 Goblin Alchemist
3 Healing Spray
3 Chemical Rage
1 Transmute
6 Blood Mage
3 Siphon Mana
2 Flame Strike
1 Summon Phoenix
» actions
| Assign group hotkey | 20 | |
| Basic commands | 89 | |
| Build / train | 96 | |
| ESC pressed | 8 | |
| Enter build submenu | 25 | |
| Enter hero's abilities submenu | 13 | |
| Give item / drop item | 6 | |
| Right click | 668 | |
| Select / deselect | 350 | |
| Select group hotkey | 312 | |
| Use ability | 184 | |
1771 total
» units
| Peasant | 17 | |
| Footman | 11 | |
| Knight | 8 | |
| Dragonhawk Rider | 8 | |
44 total
» upgrades
| Defend | 1 | |
| Lumber Harvesting | 2 | |
| Swords | 3 | |
| Plating | 2 | |
| Animal War Training | 1 | |
9 total
» buildings
| Barracks | 2 | |
| Blacksmith | 2 | |
| Farm | 14 | |
| Altar of Kings | 1 | |
| Arcane Vault | 1 | |
| Keep | 1 | |
| Lumber Mill | 1 | |
| Castle | 1 | |
| Town Hall | 2 | |
| Scout Tower | 5 | |
| Guard Tower | 3 | |
| Gryphon Aviary | 2 | |
35 total
» build order
00:07 Barracks
00:21 Blacksmith
00:36 Farm
01:09 Altar of Kings
01:14 Farm
01:53 Farm
02:06 Arcane Vault
03:07 Farm
03:56 Keep
05:31 Farm
05:33 Lumber Mill
06:21 Farm
06:48 Castle
07:18 Barracks
07:20 Blacksmith
08:41 Town Hall
08:47 Scout Tower
08:48 Scout Tower
08:49 Scout Tower
09:46 Guard Tower
11:28 Farm
11:28 Farm
11:29 Farm
11:29 Farm
12:29 Guard Tower
12:33 Scout Tower
12:34 Scout Tower
12:59 Gryphon Aviary
13:02 Gryphon Aviary
13:08 Farm
13:09 Farm
13:21 Guard Tower
15:27 Farm
15:28 Farm
16:09 Town Hall
» items
| Lesser Clarity Potion | 10 | |
| Scroll of Regeneration | 1 | |
| Potion of Lesser Invulnerability | 1 | |
| Scroll of Town Portal | 5 | |
| Orb of Fire | 1 | |
| Orb of Venom | 1 | |
| Potion of Mana | 1 | |
| Potion of Healing | 2 | |
22 total
USADeserved911 (
red | 52 APM | 1005 actions | 19:14)
2 Archmage
1 Summon Water Elemental
1 Blizzard
» actions
| Basic commands | 4 | |
| Build / train | 105 | |
| Enter build submenu | 31 | |
| Enter hero's abilities submenu | 2 | |
| Give item / drop item | 1 | |
| Right click | 614 | |
| Select / deselect | 197 | |
| Use ability | 51 | |
1005 total
» units
| Peasant | 22 | |
| Mortar Team | 11 | |
| Priest | 4 | |
| Sorceress | 3 | |
| Flying Machine | 15 | |
55 total
» upgrades
| Masonry | 3 | |
| Gunpowder | 3 | |
| Armor | 2 | |
| Plating | 1 | |
| Lumber Harvesting | 2 | |
| Priest Training | 1 | |
| Sorceress Training | 1 | |
| Fragmentation Shards | 1 | |
| Flying Machine Bombs | 1 | |
| Flak Cannons | 1 | |
16 total
» buildings
| Lumber Mill | 1 | |
| Farm | 10 | |
| Scout Tower | 11 | |
| Arcane Tower | 9 | |
| Guard Tower | 9 | |
| Altar of Kings | 1 | |
| Blacksmith | 1 | |
| Town Hall | 1 | |
| Arcane Vault | 1 | |
| Keep | 1 | |
| Castle | 1 | |
| Workshop | 2 | |
| Arcane Sanctum | 1 | |
49 total
» build order
00:10 Lumber Mill
00:16 Farm
00:30 Scout Tower
00:34 Scout Tower
00:46 Scout Tower
01:04 Arcane Tower
01:17 Guard Tower
01:17 Guard Tower
01:39 Arcane Tower
01:39 Arcane Tower
02:08 Altar of Kings
02:32 Scout Tower
02:36 Scout Tower
02:40 Scout Tower
02:51 Blacksmith
03:11 Scout Tower
03:17 Scout Tower
03:30 Farm
03:41 Scout Tower
04:04 Arcane Tower
04:13 Farm
04:17 Farm
04:27 Arcane Tower
04:27 Arcane Tower
04:45 Guard Tower
04:45 Guard Tower
05:05 Guard Tower
05:27 Guard Tower
05:27 Guard Tower
05:33 Guard Tower
05:33 Guard Tower
06:48 Town Hall
07:24 Farm
07:38 Arcane Vault
08:26 Farm
08:32 Scout Tower
08:53 Keep
09:05 Arcane Tower
09:10 Scout Tower
09:19 Farm
10:32 Farm
11:03 Arcane Tower
11:03 Arcane Tower
11:06 Farm
11:14 Farm
11:18 Castle
11:23 Workshop
11:28 Workshop
11:38 Arcane Sanctum
» items
| Mechanical Critter | 1 | |
| Scroll of Regeneration | 1 | |
| Potion of Healing | 2 | |
| Scroll of Town Portal | 1 | |
| Potion of Mana | 3 | |
8 total

»
Iridesence (
yellow | 80 APM | 2109 actions | 26:13)
5 Demon Hunter
3 Immolation
2 Evasion
» actions
| Assign group hotkey | 2 | |
| Basic commands | 1 | |
| Build / train | 84 | |
| Enter build submenu | 24 | |
| Enter hero's abilities submenu | 5 | |
| Give item / drop item | 1 | |
| Remove unit from queue | 4 | |
| Right click | 1356 | |
| Select / deselect | 554 | |
| Select group hotkey | 2 | |
| Use ability | 76 | |
2109 total
» units
| Wisp | 23 | |
| Archer | 9 | |
| Huntress | 12 | |
| Hippogryph | 14 | |
| Faerie Dragon | 3 | |
61 total
» upgrades
| Druid of the Talon Training | 1 | |
| Hippogryph Taming | 1 | |
| Strength of the Wild | 2 | |
| Reinforced Hides | 1 | |
| Strength of the Moon | 1 | |
6 total
» buildings
| Altar of Elders | 1 | |
| Moon Well | 7 | |
| Ancient of War | 2 | |
| Hunter's Hall | 1 | |
| Ancient Protector | 1 | |
| Tree of Ages | 1 | |
| Ancient of Wonders | 1 | |
| Ancient of Wind | 2 | |
| Tree of Life | 1 | |
| Tree of Eternity | 1 | |
| Ancient of Lore | 4 | |
22 total
» build order
00:11 Altar of Elders
00:30 Moon Well
00:45 Ancient of War
01:51 Moon Well
02:30 Hunter's Hall
02:54 Moon Well
04:05 Ancient of War
05:17 Ancient Protector
06:47 Tree of Ages
08:06 Moon Well
08:20 Moon Well
09:42 Ancient of Wonders
09:49 Ancient of Wind
09:53 Ancient of Wind
10:02 Moon Well
11:32 Tree of Life
15:52 Tree of Eternity
22:22 Ancient of Lore
22:25 Ancient of Lore
22:38 Moon Well
24:08 Ancient of Lore
24:10 Ancient of Lore
» items
| Scroll of Town Portal | 1 | |
| Periapt of Vitality | 1 | |
| Boots of Speed | 1 | |
| Potion of Healing | 2 | |
5 total
team 2 (winner)

»
medivh (
pink | 79 APM | 2337 actions | 29:38)
9 Death Knight
2 Death Coil
3 Unholy Aura
1 Animate Dead
3 Death Pact
3 Lich
2 Frost Nova
1 Frost Armor
» actions
| Assign group hotkey | 18 | |
| Basic commands | 269 | |
| Build / train | 103 | |
| ESC pressed | 14 | |
| Enter build submenu | 31 | |
| Enter hero's abilities submenu | 12 | |
| Give item / drop item | 1 | |
| Right click | 615 | |
| Select / deselect | 293 | |
| Select group hotkey | 863 | |
| Use ability | 118 | |
2337 total
» units
| Acolyte | 22 | |
| Ghoul | 24 | |
| Frost Wyrm | 8 | |
54 total
» upgrades
| Ghoul Frenzy | 1 | |
| Creature Attack | 3 | |
| Creature Carapace | 3 | |
| Freezing Breath | 1 | |
8 total
» buildings
| Ziggurat | 17 | |
| Crypt | 4 | |
| Graveyard | 1 | |
| Altar of Darkness | 1 | |
| Halls of the Dead | 2 | |
| Necropolis | 4 | |
| Spirit Tower | 9 | |
| Nerubian Tower | 2 | |
| Black Citadel | 3 | |
| Sacrificial Pit | 1 | |
| Boneyard | 5 | |
49 total
» build order
00:05 Ziggurat
00:06 Crypt
00:38 Graveyard
00:59 Altar of Darkness
01:36 Ziggurat
03:30 Ziggurat
05:22 Halls of the Dead
05:28 Necropolis
06:01 Ziggurat
06:01 Ziggurat
06:02 Ziggurat
06:14 Ziggurat
06:18 Ziggurat
06:39 Spirit Tower
06:39 Spirit Tower
06:45 Ziggurat
06:54 Spirit Tower
06:55 Spirit Tower
07:07 Spirit Tower
07:09 Nerubian Tower
07:15 Spirit Tower
07:42 Black Citadel
07:42 Black Citadel
08:16 Sacrificial Pit
09:15 Necropolis
10:13 Boneyard
10:13 Boneyard
10:14 Boneyard
10:15 Boneyard
10:31 Boneyard
14:42 Ziggurat
14:43 Ziggurat
14:44 Ziggurat
14:45 Ziggurat
14:45 Ziggurat
15:53 Spirit Tower
15:54 Nerubian Tower
17:47 Necropolis
19:59 Halls of the Dead
22:31 Black Citadel
22:39 Crypt
22:40 Crypt
22:41 Crypt
22:42 Ziggurat
22:43 Ziggurat
22:45 Ziggurat
23:45 Necropolis
27:49 Spirit Tower
27:49 Spirit Tower
» items
| Scroll of Regeneration | 1 | |
| Lesser Clarity Potion | 1 | |
| Staff of Teleportation | 1 | |
| Boots of Speed | 2 | |
| Scroll of Town Portal | 4 | |
| Circlet of Nobility | 1 | |
10 total

»
Chunkernaut (
teal | 102 APM | 3013 actions | 29:38)
8 Death Knight
3 Death Coil
3 Unholy Aura
1 Animate Dead
1 Death Pact
» actions
| Assign group hotkey | 31 | |
| Basic commands | 7 | |
| Build / train | 88 | |
| Enter build submenu | 25 | |
| Enter hero's abilities submenu | 8 | |
| Give item / drop item | 1 | |
| Remove unit from queue | 4 | |
| Right click | 974 | |
| Select / deselect | 361 | |
| Select group hotkey | 1339 | |
| Use ability | 175 | |
3013 total
» units
| Acolyte | 7 | |
| Ghoul | 6 | |
| Crypt Fiend | 12 | |
| Necromancer | 15 | |
| Banshee | -3 | |
37 total
» upgrades
| Creature Attack | 3 | |
| Creature Carapace | 1 | |
| Web | 1 | |
| Unholy Strength | 3 | |
| Necromancer Training | 2 | |
| Skeletal Mastery | 1 | |
| Backpack | 1 | |
| Skeletal Longevity | 1 | |
13 total
» buildings
| Crypt | 1 | |
| Graveyard | 1 | |
| Ziggurat | 13 | |
| Altar of Darkness | 1 | |
| Nerubian Tower | 1 | |
| Tomb of Relics | 2 | |
| Spirit Tower | 5 | |
| Halls of the Dead | 2 | |
| Black Citadel | 2 | |
| Temple of the Damned | 3 | |
31 total
» build order
00:11 Crypt
00:17 Graveyard
00:43 Ziggurat
01:03 Altar of Darkness
02:01 Nerubian Tower
02:08 Ziggurat
03:01 Tomb of Relics
05:40 Tomb of Relics
06:07 Ziggurat
06:53 Spirit Tower
06:53 Spirit Tower
07:58 Spirit Tower
08:24 Halls of the Dead
08:24 Halls of the Dead
10:23 Ziggurat
10:23 Ziggurat
10:24 Ziggurat
10:25 Ziggurat
10:49 Black Citadel
10:49 Black Citadel
11:23 Spirit Tower
12:04 Temple of the Damned
12:06 Temple of the Damned
12:09 Temple of the Damned
18:37 Ziggurat
19:41 Ziggurat
19:42 Ziggurat
19:42 Ziggurat
22:03 Spirit Tower
26:20 Ziggurat
26:21 Ziggurat
» items
| Rod of Necromancy | 1 | |
| Scroll of Town Portal | 5 | |
| Potion of Lesser Invulnerability | 1 | |
| Potion of Healing | 1 | |
| Orb of Corruption | 1 | |
9 total

»
REEEEEEEEEEEEE (
orange | 53 APM | 1578 actions | 29:38)
8 Goblin Alchemist
3 Acid Bomb
3 Healing Spray
1 Transmute
1 Chemical Rage
4 Paladin
2 Holy Light
1 Divine Shield
1 Devotion Aura
» actions
| Assign group hotkey | 28 | |
| Basic commands | 231 | |
| Build / train | 105 | |
| Enter build submenu | 26 | |
| Enter hero's abilities submenu | 12 | |
| Give item / drop item | 4 | |
| Remove unit from queue | 7 | |
| Right click | 335 | |
| Select / deselect | 372 | |
| Select group hotkey | 333 | |
| Use ability | 125 | |
1578 total
» units
| Peasant | 10 | |
| Footman | 10 | |
| Forest Troll High Priest | 1 | |
| Kobold Geomancer | 1 | |
| Rifleman | 3 | |
| Knight | 5 | |
| Spell Breaker | 5 | |
35 total
» upgrades
| Defend | 1 | |
| Plating | 3 | |
| Swords | 3 | |
| Long Rifles | 1 | |
| Masonry | 1 | |
| Lumber Harvesting | 1 | |
| Armor | 1 | |
| Gunpowder | 1 | |
| Animal War Training | 1 | |
| Magic Sentry | 1 | |
14 total
» buildings
| Barracks | 3 | |
| Farm | 13 | |
| Altar of Kings | 1 | |
| Arcane Vault | 1 | |
| Lumber Mill | 1 | |
| Keep | 2 | |
| Blacksmith | 1 | |
| Castle | 1 | |
| Town Hall | 1 | |
| Arcane Sanctum | 1 | |
| Scout Tower | 6 | |
| Guard Tower | 1 | |
| Arcane Tower | 4 | |
36 total
» build order
00:18 Barracks
01:05 Farm
01:18 Altar of Kings
01:21 Farm
01:34 Farm
01:46 Farm
01:50 Arcane Vault
02:13 Farm
03:02 Farm
03:26 Lumber Mill
03:46 Farm
04:25 Farm
05:18 Farm
05:21 Keep
05:21 Keep
05:26 Blacksmith
05:59 Farm
10:10 Castle
13:45 Barracks
13:45 Barracks
13:47 Farm
13:48 Farm
13:48 Farm
17:56 Town Hall
18:15 Arcane Sanctum
18:18 Scout Tower
18:20 Scout Tower
18:21 Scout Tower
18:22 Scout Tower
18:23 Scout Tower
18:26 Scout Tower
19:39 Guard Tower
19:45 Arcane Tower
20:50 Arcane Tower
20:51 Arcane Tower
28:28 Arcane Tower
» items
| Scroll of Regeneration | 6 | |
| Circlet of Nobility | 2 | |
| Boots of Speed | 1 | |
| Lesser Clarity Potion | 11 | |
| Scroll of Town Portal | 4 | |
| Periapt of Vitality | 1 | |
| Scroll of Healing | 1 | |
| Orb of Fire | 1 | |
27 total
BladeOfGrass (
green | 22 APM | 667 actions | 29:40)
» actions
| Assign group hotkey | 1 | |
| Basic commands | 9 | |
| Build / train | 89 | |
| Enter build submenu | 63 | |
| Remove unit from queue | 2 | |
| Right click | 201 | |
| Select / deselect | 217 | |
| Use ability | 85 | |
667 total
» units
» upgrades
| Masonry | 3 | |
| Lumber Harvesting | 2 | |
| Magic Sentry | 1 | |
6 total
» buildings
| Scout Tower | 68 | |
| Lumber Mill | 1 | |
| Arcane Tower | 3 | |
| Keep | 1 | |
| Guard Tower | 43 | |
| Altar of Kings | 1 | |
| Castle | 1 | |
| Arcane Sanctum | 1 | |
| Arcane Vault | 4 | |
| Town Hall | 3 | |
126 total
» build order
00:19 Scout Tower
00:26 Lumber Mill
00:32 Scout Tower
01:08 Arcane Tower
02:12 Keep
02:23 Scout Tower
02:27 Scout Tower
02:30 Scout Tower
02:33 Scout Tower
02:37 Scout Tower
02:45 Scout Tower
02:50 Scout Tower
02:52 Scout Tower
02:58 Scout Tower
02:59 Scout Tower
03:27 Guard Tower
03:29 Guard Tower
03:40 Guard Tower
03:54 Guard Tower
04:07 Guard Tower
04:20 Guard Tower
04:33 Guard Tower
05:22 Guard Tower
05:26 Guard Tower
05:26 Guard Tower
05:44 Guard Tower
06:01 Altar of Kings
07:16 Castle
07:29 Scout Tower
07:34 Scout Tower
07:35 Scout Tower
08:00 Arcane Sanctum
08:04 Arcane Tower
08:05 Guard Tower
08:09 Guard Tower
09:19 Scout Tower
09:21 Scout Tower
09:23 Scout Tower
09:24 Scout Tower
09:25 Scout Tower
09:28 Scout Tower
09:29 Scout Tower
09:30 Scout Tower
09:31 Scout Tower
09:33 Scout Tower
09:34 Scout Tower
09:34 Scout Tower
09:36 Scout Tower
09:39 Scout Tower
09:39 Scout Tower
09:41 Scout Tower
09:42 Scout Tower
11:01 Guard Tower
11:16 Guard Tower
11:24 Guard Tower
11:38 Guard Tower
12:03 Guard Tower
12:07 Guard Tower
12:22 Guard Tower
12:31 Guard Tower
12:44 Guard Tower
13:38 Arcane Vault
13:42 Arcane Vault
17:53 Scout Tower
17:54 Scout Tower
17:55 Scout Tower
17:56 Scout Tower
17:57 Scout Tower
18:25 Guard Tower
18:26 Guard Tower
18:26 Guard Tower
18:27 Guard Tower
18:30 Town Hall
18:33 Scout Tower
18:33 Scout Tower
18:35 Scout Tower
18:36 Scout Tower
18:37 Scout Tower
18:42 Scout Tower
19:03 Guard Tower
19:04 Guard Tower
19:09 Guard Tower
19:09 Guard Tower
19:11 Guard Tower
19:11 Guard Tower
19:36 Scout Tower
19:37 Scout Tower
19:38 Scout Tower
19:39 Scout Tower
20:09 Guard Tower
20:10 Guard Tower
22:47 Town Hall
22:50 Scout Tower
22:51 Scout Tower
22:51 Scout Tower
22:52 Scout Tower
23:14 Scout Tower
23:15 Scout Tower
23:15 Scout Tower
23:17 Scout Tower
23:17 Scout Tower
23:21 Arcane Vault
23:25 Guard Tower
23:27 Arcane Tower
23:52 Guard Tower
23:53 Guard Tower
23:55 Guard Tower
24:40 Guard Tower
24:40 Guard Tower
28:12 Town Hall
28:15 Scout Tower
28:16 Scout Tower
28:17 Scout Tower
28:17 Scout Tower
28:19 Scout Tower
28:20 Scout Tower
28:20 Scout Tower
28:21 Scout Tower
28:25 Scout Tower
28:26 Scout Tower
28:28 Scout Tower
28:28 Scout Tower
28:31 Arcane Vault
28:50 Guard Tower
29:13 Guard Tower
29:15 Guard Tower
Chat log
(00:04 / All) Chunkernaut: dammit
(00:45 / All) Birdgang: R u guys cute
(00:53 / All) Chunkernaut: same shit as last game
(00:58 / All) Chunkernaut: fuckin cute boy and god preacher
(01:12 / All) REEEEEEEEEEEEE: i could lose some weight.
(01:16 / All) TrumpTrain69: you should tk them
(01:26 / All) Birdgang: Whose gay preachr
(01:30 / All) BladeOfGrass: Teal and purple are flirting
(01:33 / All) Chunkernaut: bladeofgrass
(01:34 / All) BladeOfGrass: Sodomites
(01:47 / All) Birdgang: ur thecute one right teal
(01:48 / All) BladeOfGrass: They must be put down into the ground, or drowned in the bogs; a lesson and a warning to all
(02:05 / All) Chunkernaut: yeah hella hot
(03:50 / Allies) BladeOfGrass: God punishes you
(04:42 / Allies) BladeOfGrass: Pfft
(04:50 / Allies) BladeOfGrass: Typical sodomite
(06:27 / Allies) medivh: make towers teal
(08:05 / Allies) Chunkernaut: ty
(08:08 / Allies) medivh: come
(08:48 / Allies) medivh: coild plz
(08:59 / Allies) Chunkernaut: units?
(09:03 / Allies) medivh: wyrms soon
(10:27 / Allies) medivh: coil my dk
(10:39 / Allies) Chunkernaut: no mana yet i will
(11:04 / Allies) medivh: b
(12:45 / Allies) medivh: lets hit soon
(12:49 / Allies) BladeOfGrass: k
(12:59 / Allies) medivh: ready guys
(13:01 / Allies) Chunkernaut: defend at green
(13:22 / Allies) medivh: meet up now
(13:28 / Allies) medivh: ill tp there
(13:45 / Allies) medivh: 10 scond
(13:46 / Allies) medivh: im tping
(13:53 / Allies) Chunkernaut: gold plz
(13:57 / Allies) medivh: meet now
(15:23 / Allies) Chunkernaut: jgold plz
(15:47 / Allies) medivh: next
(18:02 / Allies) medivh: get expos up guys
(19:21 / All) BladeOfGrass: This is my home now, begone
(19:38 / All) medivh: congrats onlosing a 3v4
(19:46 / All) Birdgang: this team is abysmal
(19:59 / All) BladeOfGrass: You think mien was any better? Hah. Thanks for the laugh, noob
(20:00 / All) Birdgang: idk what bleu had, red goes mortars vs frost, yellow has hunts 20 mins in
(20:09 / All) Birdgang: uh yeah i do
(20:10 / All) Birdgang: moron lol
(20:16 / All) BladeOfGrass: You're the moron
(20:19 / All) REEEEEEEEEEEEE: Alchemist is OP now
(20:26 / All) BladeOfGrass: Blaming your team for your own deficiencies
(20:35 / All) Birdgang: 1v1
(20:37 / All) Birdgang: me
(20:37 / All) Birdgang: Nub
(20:41 / All) REEEEEEEEEEEEE: Probably votes democrat
(20:46 / All) BladeOfGrass: Don't need to, already got a win against you now
(20:56 / All) Birdgang: i beat ur ass last game
(20:59 / All) Birdgang: I think u were last in stats
(21:00 / All) BladeOfGrass: Pfft
(21:07 / All) BladeOfGrass: I threw that game, needed a loss to find a game
(21:42 / All) Birdgang: U tped against 4 units lol
(21:45 / All) Chunkernaut: yeah
(21:53 / All) Chunkernaut: didnt want my hero to die i love him
(21:57 / All) BladeOfGrass: Better safe than sorry, learn it and you might not get such embarassing losses in the future
(22:40 / All) BladeOfGrass: Leave, newbie. You have been vanquished fair and square.
(22:52 / All) REEEEEEEEEEEEE: lol alchemist 2x
(23:06 / All) Birdgang: Lol
(23:09 / All) REEEEEEEEEEEEE: Thats so op with the mana drain
(23:16 / All) Birdgang: yeh its never ending helaing :)
(23:33 / All) REEEEEEEEEEEEE: its like i can heal too but no i cant you stole my mana
(23:53 / All) Birdgang: figh me green
(23:54 / All) Birdgang: U shitter
(24:13 / All) Birdgang: Meet me mid unles u scared
(24:15 / All) BladeOfGrass: You think I need to deign so low? I have an alliance that can handle that for me with ease
(24:25 / All) Birdgang: Scared
(24:30 / All) BladeOfGrass: By no means, I merely am too busy acquiring all the choice properties
(24:34 / All) TrumpTrain69: This faggot just said alliance lol
(25:12 / All) Birdgang: Stop it
(25:57 / All) BladeOfGrass: Hah. What a pitiful display, your feeble efforts are no match for our alliance
(26:18 / All) BladeOfGrass: Leave, and never return to the Battle Nets
(26:33 / All) REEEEEEEEEEEEE: GG guys
(26:53 / All) REEEEEEEEEEEEE: purple has sick army
(27:14 / Allies) REEEEEEEEEEEEE: nice micro keeping those wyrms up
(27:20 / Allies) REEEEEEEEEEEEE: such low health
(27:20 / Allies) medivh: lol
(27:21 / Allies) medivh: ty
(27:23 / Allies) medivh: yeah
(27:26 / Allies) medivh: iv ekilled like 15 tanks
(27:27 / Allies) medivh: with them
(27:28 / Allies) medivh: so far
(27:36 / All) Chunkernaut: nice purp you hack
(27:49 / All) Birdgang: Lol hos that
(28:01 / All) Chunkernaut: invincible alchemist
(28:08 / All) BladeOfGrass: Come now and prepare to receive word of the true Lord!
(28:10 / All) Birdgang: Wat lol
(28:16 / All) REEEEEEEEEEEEE: alchemist is just OP
(28:34 / All) Birdgang: All u gotta do is interrupt
(29:26 / All) REEEEEEEEEEEEE: OMG
(29:29 / All) REEEEEEEEEEEEE: that dagger too
(29:35 / All) Birdgang: hahaah
(29:36 / All) Birdgang: gg
(29:37 / All) Chunkernaut: BOOM HEADSHOT